 Dungeon Crawl Stone Soup version 0.30-a0-965-g42e074c17a (webtiles) character file.

Game seed: 11150523993620849167

506 DeathPants the Caller (level 7, -6/36 HPs)
             Began as a Vine Stalker Summoner on Mar 30, 2023.
             Mangled by Pikel
             ... wielding a +2 whip of electrocution
              (9 damage)
             ... on level 5 of the Dungeon.
             The game lasted 00:14:19 (3639 turns).

DeathPants the Caller (Vine Stalker Summoner)       Turns: 3639, Time: 00:14:19

Health: -6/36      AC:  3    Str: 10    XL:     7   Next: 18%
Magic:  0/14       EV: 12    Int: 21    God:
Gold:   187        SH:  0    Dex: 17    Spells: 2/15 levels left

rFire   . . .      SeeInvis .    a - +6 falchion "Huvuonec" {freeze, rN+ Will+}
rCold   . . .      Faith    .    (no shield)
rNeg    + . .      Spirit   +    b - +0 robe
rPois   .          Reflect  .    r - +0 helmet
rElec   .          Rampage  .    (no cloak)
rCorr   .                        (no gloves)
Will    +....                    (no boots)
Stlth   ++                       (no amulet)
HPRegen 1.06/turn                d - +6 ring of intelligence
MPRegen 0.14/turn                e - ring of wizardry

@: no status effects
A: fangs 2, regeneration 1, magic shield, antimagic bite, no potion heal 2
a: no special abilities


You were on level 5 of the Dungeon.
You visited 1 branch of the dungeon, and saw 6 of its levels.

You collected 187 gold pieces.

Inventory:

Hand Weapons
 a - the +6 falchion "Huvuonec" (weapon) {freeze, rN+ Will+}
   (You found it on level 4 of the Dungeon)

   rN:        It protects you from negative energy.
   Will:      It increases your willpower.
 u - a +0 short sword of venom
 v - a +1 dagger of draining
Missiles
 n - 5 datura-tipped darts
 q - 9 poisoned darts
 t - 3 boomerangs
Armour
 b - a +0 robe (worn)
 r - a +0 helmet (worn)
Jewellery
 d - a +6 ring of intelligence (left hand)
 e - a ring of wizardry (right hand)
 i - a ring of protection from fire
 k - a +6 ring of dexterity
Wands
 l - a wand of polymorph (10)
Scrolls
 c - 4 scrolls of enchant weapon
 f - 2 scrolls of immolation
 h - a scroll of magic mapping {unknown}
 j - a scroll of silence
 p - a scroll of teleportation {unknown}
 x - a scroll of brand weapon {unknown}
Potions
 g - 3 potions of might
 m - 4 potions of resistance
 o - 2 potions of cancellation
 s - 2 potions of haste {unknown}


   Skills:
 - Level 3.3 Fighting
 - Level 1.5 Dodging
 - Level 2.4 Stealth
 + Level 4.5 Spellcasting
 + Level 1.9 Hexes
 + Level 5.6 Summonings
 + Level 0.0 Air Magic


You had 2 spell levels left.
You knew the following spells:

 Your Spells              Type           Power      Damage    Failure   Level
a - Summon Small Mammal   Summ           100%       N/A       1%          1
b - Call Imp              Summ           28%        N/A       1%          2
c - Call Canine Familiar  Summ           28%        N/A       1%          3
d - Summon Guardian Gole  Hex/Summ       20%        N/A       2%          3
e - Summon Lightning Spi  Summ/Air       16%        N/A       14%         4

Your spell library contained the following spells:

 Spells                   Type           Power      Damage    Failure   Level
 Necrotise                Necr           16%        1d4       4%          1
 Lesser Beckoning         Tloc           8%         N/A       7%          2
 Gell's Gravitas          Tloc           4%         N/A       14%         3
 Teleport Other           Tloc           4%         N/A       14%         3
 Vampiric Draining        Necr           4%         2d6       14%         3
 Agony                    Necr           4%         N/A       75%         5
 Storm Form               Tmut/Air       2%         N/A       100%        7
 Maxwell's Capacitive Co  Air            2%         ∞         100%        8


Dungeon Overview and Level Annotations

Branches:
Dungeon (6/15)
 Temple: D:4-7

Altars:
Ashenzari
Uskayaw

Annotations:
D:3 2 transporters, voltaire321's ghost, amateur MfSu
D:5 Pikel


Innate Abilities, Weirdness & Mutations

You have extremely sharp teeth.
Your natural rate of healing is unusually fast.
When hurt, damage is shared between your health and your magic reserves.
Your bite disrupts and absorbs the magic of your enemies.
Potions cannot restore your health.


Message History

Your crimson imp barely misses Pikel.
The lemure barely misses your hound.
An orc comes into view. It is wielding a +2 vampiric dagger.
Pikel misses you.
The lemure hits your guardian golem but does no damage.
The lemure hits your hound but does no damage.
You hit Pikel. You freeze Pikel.
Pikel is severely wounded.
Your hound completely misses Pikel.
Your crimson imp hits Pikel.
Your hound bites Pikel.
The lemure hits your guardian golem. Flame seeps out of your guardian golem.
The lemure hits your hound. Flame seeps out of your guardian golem.
The lemure barely misses your hound. Pikel barely misses you.
Your guardian golem is engulfed in blazing flames.
Flame seeps out of your guardian golem.
You barely miss Pikel. Your bite misses Pikel.
Pikel is severely wounded.
Your hound bites the lemure but does no damage.
Your crimson imp hits Pikel but does no damage.
The lemure hits your hound. Flame seeps out of your guardian golem.
The lemure hits your hound. Flame seeps out of your guardian golem.
The lemure hits your guardian golem but does no damage.
Pikel hits you with a +2 whip of electrocution.
Your guardian golem is engulfed in blazing flames.
Flame seeps out of your guardian golem.
Your hound bites the lemure but does no damage.
You hit Pikel. You freeze Pikel.
Pikel is almost dead.
Your hound completely misses the lemure.
Your crimson imp misses Pikel.
The lemure misses your hound. The lemure hits your hound.
Flame seeps out of your guardian golem.
Pikel says, "Hell isn't that bad."
Pikel hits you with a +2 whip of electrocution.
You are electrocuted!
* * * LOW HITPOINT WARNING * * *
Your guardian golem is engulfed in blazing flames.
Flame seeps out of your guardian golem.
Your hound barely misses the lemure.
The hound bites your hound.
Your crimson imp closely misses Pikel.
Pikel attacks as you move away!
Pikel hits you with a +2 whip of electrocution!
You die...

# #...... #..........# #
#.#.#.# #..........#
####.#.#.# ..........#
..##.#.#.#####.........#
#.##............#?$.....
#....#.#.######.#......
####.#.#..5........#
..........9........#
####.#...###....@..#
###.##......5Ko......
.....##..#..h.##....
...........#...h55o. ...
#.....≈≈....##..#.### ..
.....≈≈.... ....... .
..##.........#...... .
..#.. ...


You could see Pikel (ally target), 3 lemures, a hound, 2 orcs, a friendly
guardian golem (summoned, inner flame), a friendly hound (summoned, sheltered)
and a friendly crimson imp (summoned, sheltered).

Vanquished Creatures
  A lemure (D:5)
  An orc priest (D:4)
  Terence (D:2)
  An orc wizard (D:4)
  4 adders
  A worm (D:2)
  2 dart slugs
  3 orcs
  5 bats
  5 endoplasms
  4 giant cockroaches
  3 kobolds
  3 quokkas
  5 ball pythons
  3 frilled lizards
  6 goblins
  2 rats
50 creatures vanquished.

Vanquished Creatures (collateral kills)
  Sigmund (D:2)
  An ogre (D:4)
  A hound (D:4)
  3 adders
  7 orcs
  4 goblins
  4 hobgoblins
  2 quokkas
  2 ball pythons (D:1)
  3 bats
  4 kobolds
  A rat (D:1)
33 creatures vanquished.

Grand Total: 83 creatures vanquished

Notes
Turn   | Place    | Note
-------+----------+-------------------------------------------
     0 | D:1      | DeathPants the Vine Stalker Summoner began the quest for
                  | the Orb.
     0 | D:1      | Reached XP level 1. HP: 9/9 MP: 4/4
   174 | D:1      | Reached XP level 2. HP: 13/14 MP: 1/6
   283 | D:1      | Learned a level 2 spell: Call Imp
   378 | D:1      | Reached skill level 1 in Fighting
   628 | D:1      | Reached XP level 3. HP: 14/18 MP: 8/8
  1148 | D:2      | Learned a level 3 spell: Call Canine Familiar
  1280 | D:2      | Found a faded altar of an unknown god.
  1438 | D:2      | Noticed Sigmund
  1438 | D:2      | Noticed Terence
  1483 | D:2      | Killed Sigmund
  1484 | D:2      | Reached skill level 5 in Summonings
  1484 | D:2      | Gained mutation: Your natural rate of healing is unusually
                  | fast. [Vine Stalker growth]
  1484 | D:2      | Reached XP level 4. HP: 14/23 MP: 6/10
  1484 | D:2      | Reached XP level 5. HP: 17/27 MP: 6/11
  1500 | D:2      | Killed Terence
  1501 | D:2      | Reached XP level 6. HP: 9/32 MP: 2/12
  1645 | D:2      | Identified a scroll of acquirement
  1645 | D:2      | Acquired a +6 ring of intelligence
  1653 | D:2      | Learned a level 3 spell: Summon Guardian Golem
  1792 | D:3      | Found a transporter.
  1810 | D:3      | Found a transporter.
  1837 | D:3      | Found a broken altar of Ashenzari.
  2159 | D:3      | Noticed voltaire321's ghost (amateur MfSu)
  2658 | D:4      | Found a hide-covered altar of Uskayaw.
  2744 | D:4      | Reached skill level 1 in Hexes
  2758 | D:5      | Entered Level 5 of the Dungeon
  2934 | D:4      | Identified the +6 falchion "Huvuonec" {freeze, rN+ Will+}
  3029 | D:4      | Reached XP level 7. HP: 17/36 MP: 4/14
  3192 | D:4      | Learned a level 4 spell: Summon Lightning Spire
  3622 | D:5      | Noticed Pikel
  3639 | D:5      | Mangled by Pikel

Illustrated notes

Levels and vault maps discovered:
D:1:      dpeg_arrival_line_fractal, layout_basic, chequers_jeans
D:2:      layout_basic, hellmonk_ecumenical_altar_arch_garden, uniq_sigmund,
          uniq_terence
D:3:      layout_loops_ring, ashenzari_conservatory_becter,
          gammafunk_ghost_stat_death, dreamdust_princess_bridge,
          kennysheep_generic_room_9
D:4:      layout_rooms, nicolae_uskayaw_murder_on_the_dancefloor,
          nicolae_nh_ransacked_shop
D:5:      layout_basic, nicolae_wu_jian_wuxing_cycle, minmay_temple_entry_ruins,
          uniq_pikel
D:6:      layout_rooms, gup_sewer_entry_bowl, minmay_ruined_shrine,
          uniq_eustachio

Skill      XL: |  1  2  3  4  5  6 |
---------------+-------------------+-----
Fighting       | 1 2 3 |  3.3
Spellcasting   | 3 4 |  4.5
Summonings     | 5 |  5.6
Hexes          | 1 |  1.9
Dodging        | |  1.5
Stealth        | |  2.4

Action                     |  1- 3 |  4- 6 |  7- 9 || total
---------------------------+-------+-------+-------++-------
  Melee: Unarmed           |     3 |       |       ||     3
         Bite              |    14 |    11 |       ||    25
         Dagger            |    60 |    40 |       ||   100
         Falchion          |       |     7 |    11 ||    18
         Punch             |       |     1 |       ||     1
   Cast: Summon Small Mamm |     8 |       |       ||     8
         Call Imp          |     9 |     6 |     2 ||    17
         Call Canine Famil |     2 |    11 |     1 ||    14
         Summon Guardian G |       |       |     1 ||     1
    Use: Potion            |     1 |       |       ||     1
         Scroll            |       |     7 |     3 ||    10
   Stab: Sleeping          |     1 |     3 |       ||     4
         Distracted        |       |     1 |       ||     1
 Armour: Robe              |    12 |    11 |     2 ||    25
  Dodge: Dodged            |    55 |    36 |     5 ||    96

Table legend: (Time is in decaauts)
 A = Elapsed time spent in this place.
 B = Non-inter-level travel time spent in this place.
 C = Inter-level travel time spent in this place.
 D = Time resting spent in this place.
 E = Time spent auto-exploring this place.
 F = Levels seen in this place.
 G = Mean time per level.
                   A        B        C        D        E       F      G
               +--------+--------+--------+--------+--------+-----+--------+
         Total |   3646 |   3541 |    105 |    212 |   2296 |   6 |  607.7 |
       Dungeon |   3646 |   3541 |    105 |    212 |   2296 |   6 |  607.7 |
               +--------+--------+--------+--------+--------+-----+--------+

Top non-repeatable levels by time:
     D:1: 1025 daAuts
     D:3: 982 daAuts
     D:4: 921 daAuts
     D:2: 626 daAuts
     D:5: 89 daAuts
     D:6: 1 daAuts
